 Dungeon Crawl Stone Soup version 0.20-a0-556-g892c87b (webtiles) character file.

538 drasked the Magician (level 7, -3/36 HPs)
             Began as a Deep Elf Fire Elementalist on Feb 6, 2017.
             Was an Initiate of Vehumet.
             Killed by divine providence
             ... invoked by an orc priest
              (13 damage)
             ... on level 6 of the Dungeon.
             The game lasted 00:15:30 (4888 turns).

drasked the Magician (Deep Elf Fire Elementalist)   Turns: 4888, Time: 00:15:31

Health: -3/36      AC:  3    Str:  5    XL:     7   Next: 5%
Magic:  7/17       EV: 12    Int: 22    God:    Vehumet [......]
Gold:   196        SH:  0    Dex: 12    Spells: 4/17 levels left

rFire    . . .     SeeInvis .   f - +1 dagger
rCold    . . .     Gourm    .   a - +0 robe
rNeg     . . .     Faith    .   (no shield)
rPois    .         Spirit   .   (no helmet)
rElec    .         Reflect  .   n - +0 cloak {MR+}
rCorr    .         Harm     .   (no gloves)
MR       +....                  (no boots)
Stlth    ++........             (no amulet)
Regen    0.2/turn               (no ring)
                                r - -3 ring of dexterity

@: no status effects
A: no striking features
a: Renounce Religion


You were on level 6 of the Dungeon.
You worshipped Vehumet.
Vehumet was noncommittal.
You were not hungry.

You visited 2 branches of the dungeon, and saw 7 of its levels.

You collected 196 gold pieces.

Inventory:

Hand Weapons
 f - a +1 dagger (weapon)
   (You took it off a kobold on level 1 of the Dungeon)
Missiles
 u - 7 curare-tipped needles
Armour
 a - a +0 robe (worn)
 n - a +0 cloak of magic resistance (worn)
   (You took it off Crazy Yiuf on level 2 of the Dungeon)
Jewellery
 r - a -3 ring of dexterity (left hand)
   (You found it on level 3 of the Dungeon)
 w - a +2 ring of strength {unknown}
   (You found it on level 5 of the Dungeon)
Scrolls
 d - 2 scrolls of teleportation
 e - a scroll of magic mapping {unknown}
 i - 2 scrolls of enchant weapon
 m - a scroll of recharging {unknown}
 o - a scroll of fog {unknown}
 p - a scroll of random uselessness {unknown}
 s - a scroll of remove curse
 t - 2 scrolls of identify {unknown}
 v - a scroll of immolation {unknown}
 x - a scroll of noise {unknown}
Potions
 h - a potion of brilliance {unknown}
 j - 2 potions of berserk rage {unknown}
 k - a potion of degeneration {unknown}
 l - a potion of might {unknown}
 q - a potion of lignification {unknown}
Books
 b - a book of Flames
Comestibles
 c - a bread ration {@e1}
 g - 10 fruits
 z - a chunk of flesh {@w0}


   Skills:
 - Level 2.4 Dodging
 - Level 2.4 Stealth
 + Level 5.8 Spellcasting
 + Level 5.4 Conjurations
 + Level 5.4 Fire Magic


You had 4 spell levels left.
You knew the following spells:

 Your Spells              Type           Power        Failure   Level  Hunger
a - Flame Tongue          Conj/Fire      ####.        1%          1    None
c - Conjure Flame         Conj/Fire      ####....     3%          3    ##.....
f - Fireball              Conj/Fire      ####......   34%         5    #####..
s - Sticky Flame          Conj/Fire      ####....     12%         4    ####...


Dungeon Overview and Level Annotations

Branches:
Dungeon (6/15)             Temple (1/1) D:4

Altars:
Ashenzari
Dithmenos
Elyvilon
Fedhas
Gozag
Kikubaaqudgha
Makhleb
Nemelex Xobeh
Okawaru
Ru
Sif Muna
Trog
Uskayaw
Vehumet
Zin
The Shining One

Annotations:
D:4 Dowan; Duvessa; Pikel; Sigmund


Message History

You start resting.
Your magical contamination has completely faded away.
You regained 2 mp, and now have 2/16 mp.
You start resting.
All of the chunks of flesh in your inventory have rotted away.
You are feeling hungry.
You regained 23 hp, and now have 25/32 hp.
MP restored: 16 You start resting.
An iguana comes into view.
You regained 3 hp, and now have 28/32 hp.
Aim: an iguana (hasn't noticed you)
The flame tongue hits the iguana.
You now have 15/16 mp.
Aim: an iguana (moderately wounded)
The flame tongue hits the iguana.
You now have 14/16 mp.
Aim: an iguana (almost dead)
The flame tongue hits the iguana.
The iguana appears unharmed.
The iguana closely misses you.
You now have 13/16 mp.
Aim: an iguana (almost dead)
The flame tongue hits the iguana.
You kill the iguana!
Vehumet accepts your kill.
You now have 12/16 mp.
You see here an iguana corpse.
You butcher the iguana corpse.
z - 2 chunks of flesh {@w0} Autoeating chunks.
Eating one of 2 chunks of flesh {@w0}.
You eat one of the 2 chunks of flesh {@w0}.
There is a stone staircase leading down here.
You see here a leather armour.
There is a stone staircase leading up here.
Done exploring.
Health restored: 32; MP restored: 16 Done exploring.
Done exploring.
Done exploring.
There is a stone staircase leading up here.
You see here a leather armour.
There is a stone staircase leading down here.
You climb downwards.
A phantom comes into view.
The phantom moves out of view.
Found a wooden wand.
Found an escape hatch in the ceiling.
There is a stone staircase leading up here.
Aim: a phantom The flame tongue misses the phantom.
You now have 15/16 mp.
Aim: a phantom The flame tongue hits the phantom.
The phantom appears unharmed.
You now have 14/16 mp.
Aim: a phantom The flame tongue hits the phantom.
The phantom hits you.
You take 2 damage, and have 30/32 hp.
You now have 13/16 mp.
Aim: a phantom (lightly damaged)
The flame tongue hits the phantom.
The phantom closely misses you.
You now have 12/16 mp.
Aim: a phantom (moderately damaged)
The flame tongue hits the phantom.
The phantom hits you.
You take 2 damage, and have 28/32 hp.
You now have 11/16 mp.
Aim: a phantom (heavily damaged)
The flame tongue hits the phantom.
The phantom hits you.
You take 2 damage, and have 26/32 hp.
You now have 10/16 mp.
Aim: a phantom (severely damaged)
The flame tongue hits the phantom.
You destroy the phantom!
Vehumet accepts your kill.
A howler monkey comes into view.
The howler monkey howls!
A bullfrog comes into view.
There is a stone staircase leading up here.
Aim: a howler monkey The flame tongue hits the howler monkey.
The howler monkey hoots and howls with incredible vigour!
You hear an angry hiss.
You hear a shout! x3; You hear a croak.
You hear a loud, deep croak!
You hear a shout! x10
You now have 9/16 mp.
Aim: a howler monkey (moderately wounded, catching its breath)
The flame tongue hits the howler monkey.
An orc priest and an orc wizard come into view.
Aim: a howler monkey (heavily wounded, catching its breath)
The flame tongue hits the howler monkey.
The orc priest calls down the wrath of Beogh upon you.
Beogh smites you! The howler monkey hits you.
* * * LOW HITPOINT WARNING * * *
An orc warrior comes into view. It is wielding a trident.
You take 18 damage, and have 9/32 hp.
MASSIVE DAMAGE!!
You now have 8/16 mp.
Aim: a howler monkey (severely wounded, catching its breath)
The flame tongue hits the howler monkey.
You kill the howler monkey!
Vehumet accepts your kill.
You have reached level 7!
The orc priest invokes the aid of Beogh against you.
Beogh smites you!
You die...

#.#. #..o..o..
..#.#####.#.o<...
.................
##.........../...
.................
#.....#........#
...............#
.........@.....#
##............##
#.....#######.#
...... # .....
....F .... ....


You could see an orc warrior, an orc priest and an orc wizard.

Vanquished Creatures
  The ghost of drasked the Magician, an amateur DEFE (D:5)
  A phantom (D:6)
  A howler monkey (D:6)
  An orc priest (D:4)
  A hound (D:5)
  Crazy Yiuf (D:2)
  An iguana (D:5)
  A worker ant (D:5)
  A hound skeleton (D:4)
  An adder (D:2)
  A shadow imp (D:5)
  2 worms (D:2)
  A leopard gecko (D:4)
  15 orcs
  3 ball pythons
  4 giant cockroaches
  11 goblins
  7 hobgoblins
  7 jackals
  A quokka (D:3)
  4 bats
  4 frilled lizards
  6 kobolds
  A quokka zombie (D:5)
  4 rats (D:3)
81 creatures vanquished.

Notes
Turn   | Place    | Note
-------+----------+-------------------------------------------
     0 | D:1      | drasked the Deep Elf Fire Elementalist began the quest for the Orb.
     0 | D:1      | Reached XP level 1. HP: 10/10 MP: 6/6
   284 | D:1      | Reached XP level 2. HP: 15/15 MP: 5/8
   495 | D:1      | You fall through a shaft!
   496 | D:2      | Reached skill level 2 in Conjurations
   977 | D:2      | Found a sacrificial altar of Ru.
  1083 | D:2      | Found a glowing silver altar of Zin.
  1084 | D:2      | Found an ancient bone altar of Kikubaaqudgha.
  1262 | D:2      | Found a sparkling altar of Nemelex Xobeh.
  1276 | D:2      | Reached XP level 3. HP: 19/19 MP: 3/10
  1281 | D:2      | Learned a level 3 spell: Conjure Flame
  1397 | D:2      | Found a bloodstained altar of Trog.
  1731 | D:2      | Found a runed door.
  1920 | D:2      | Noticed Crazy Yiuf
  1928 | D:2      | Killed Crazy Yiuf
  1928 | D:2      | Reached skill level 3 in Conjurations
  1928 | D:2      | Reached XP level 4. HP: 24/24 MP: 0/11
  2227 | D:2      | Reached skill level 4 in Fire Magic
  2319 | D:3      | Learned a level 4 spell: Sticky Flame
  2327 | D:3      | Reached skill level 4 in Spellcasting
  2933 | D:4      | Found a staircase to the Ecumenical Temple.
  2938 | Temple   | Entered the Ecumenical Temple
  3214 | Temple   | Became a worshipper of Vehumet
  3316 | D:4      | Noticed Sigmund
  3410 | D:4      | Noticed a slave
  3410 | D:4      | Noticed a slave
  3453 | D:4      | Noticed Duvessa
  3453 | D:4      | Noticed Dowan
  3482 | D:4      | Reached XP level 5. HP: 23/28 MP: 7/13
  3666 | D:4      | Reached skill level 4 in Conjurations
  3864 | D:5      | Entered Level 5 of the Dungeon
  3887 | D:5      | Learned a level 5 spell: Fireball
  4156 | D:5      | Noticed drasked's ghost (amateur DEFE)
  4186 | D:4      | Noticed Pikel
  4186 | D:4      | Noticed a slave
  4186 | D:4      | Noticed a slave
  4232 | D:5      | Found a glowing golden altar of the Shining One.
  4232 | D:5      | Found a shattered altar of Ashenzari.
  4240 | D:5      | Found a hide-covered altar of Uskayaw.
  4243 | D:5      | Found a faded altar of an unknown god.
  4245 | D:5      | Found a faded altar of an unknown god.
  4471 | D:6      | Noticed a sky beast
  4492 | D:5      | HP: 4/28 [drasked's ghost/flame tongue (11)]
  4493 | D:5      | HP: 1/28 [drasked's ghost (3)]
  4495 | D:5      | Killed drasked's ghost
  4495 | D:5      | Reached skill level 5 in Spellcasting
  4495 | D:5      | Reached skill level 5 in Conjurations
  4495 | D:5      | Reached skill level 5 in Fire Magic
  4495 | D:5      | Reached XP level 6. HP: 1/32 MP: 0/16
  4888 | D:6      | Noticed an orc warrior
  4888 | D:6      | Reached XP level 7. HP: 10/36 MP: 7/17
  4888 | D:6      | Killed from afar by an orc priest

Vault maps used:
D:1:      dpeg_arrival_central, hangedman_feature_mirror
D:2:      bloody_trog, nemelex_xobeh_ov_fountains_minmay,
          nicolae_overflow_hidden_temple, nicolae_ru_awakened_eye,
          uniq_crazy_yiuf_cottage
D:4:      lemuel_zombie_altar_yredelemnul, temple_doors_e, first_bread,
          guppyfry_shop_venom, uniq_sigmund, uniq_pikel, uniq_duvessa
D:5:      chequers_temple_overflow_minitemple
D:6:      dk_yredelemnul_ordeal
Temple:   compressed_dpeg_triangle_lava_temple

Skill      XL: |  1  2  3  4  5 |
---------------+----------------+-----
Conjurations   | 2 3 5 |  5.4
Fire Magic     | 4 5 |  5.4
Spellcasting   | 4 5 |  5.8
Dodging        | |  2.4
Stealth        | |  2.4

Action                   |  1- 3 |  4- 6 |  7- 9 || total
-------------------------+-------+-------+-------++-------
 Cast: Flame Tongue      |    65 |   112 |     1 ||   178
       Conjure Flame     |     1 |     3 |       ||     4
       Sticky Flame      |       |     2 |       ||     2
  Use: Scroll            |       |     4 |       ||     4
  Eat: Chunk             |     3 |     9 |       ||    12
       Fruit             |       |     1 |       ||     1
Armor: Robe              |     4 |     5 |       ||     9
Dodge: Dodged            |    13 |    42 |       ||    55

Vault maps used:
D:1:      dpeg_arrival_central, hangedman_feature_mirror
D:2:      bloody_trog, nemelex_xobeh_ov_fountains_minmay,
          nicolae_overflow_hidden_temple, nicolae_ru_awakened_eye,
          uniq_crazy_yiuf_cottage
D:4:      lemuel_zombie_altar_yredelemnul, temple_doors_e, first_bread,
          guppyfry_shop_venom, uniq_sigmund, uniq_pikel, uniq_duvessa
D:5:      chequers_temple_overflow_minitemple
D:6:      dk_yredelemnul_ordeal
Temple:   compressed_dpeg_triangle_lava_temple

Table legend:
 A = Turns spent in this place as a percentage of turns spent in the entire game.
 B = Non-inter-level travel turns spent in this place as a percentage of non-inter-level travel turns spent in the entire game.
 C = Inter-level travel turns spent in this place as a percentage of turns spent in this place.
 D = Turns resting spent in this place as a percentage of non-inter-level travel turns spent in this place.
 E = Turns spent auto-exploring this place as a percentage of non-inter-level travel turns spent in this place.
 F = Non-inter-level travel turns spent in this place divided by the number of levels of this place that you've seen.
                   A       B       C       D       E      F
               +-------+-------+-------+-------+-------+----------------------
         Total | 100.0 | 100.0 |   0.6 |   2.8 |   9.3 | 206.3
       Dungeon |  95.5 |  95.5 |   0.6 |   3.0 |   9.1 | 229.8
        Temple |   4.5 |   4.5 |   1.5 |   0.0 |  12.3 |  65.0
               +-------+-------+-------+-------+-------+----------------------

Table legend:
 A = Kills in this place as a percentage of kills in entire the game.
 B = Kills by you in this place as a percentage of kills by you in the entire game.
 C = Kills by friends in this place as a percentage of kills by friends in the entire game.
 D = Other kills in this place as a percentage of other kills in the entire game.
 E = Experience gained in this place as a percentage of experience gained in the entire game.
 F = Experience gained in this place divided by the number of levels of this place that you have seen.
                   A       B       C       D       E      F
               +-------+-------+-------+-------+-------+----------------------
         Total | 100.0 | 100.0 |  -nan |  -nan | 100.0 | 109.9
       Dungeon | 100.0 | 100.0 |  -nan |  -nan | 100.0 | 128.2
               +-------+-------+-------+-------+-------+----------------------
